[Event "*** Titled Tuesday Blitz"]
[Site "Chess.com"]
[Date "2019.02.05"]
[Round "9"]
[White "Sosat98"]
[Black "Mikhail_Golubev"]
[Result "0-1"]
[WhiteElo "2591"]
[BlackElo "2489"]
[TimeControl "180+2"]
[EndTime "15:12:39 PST"]
[Termination "Mikhail_Golubev won by resignation"]

1. d4 Nf6 2. Nf3 d6 3. c4 g6 4. Nc3 Bg7 5. e4 O-O 6. h3 e5 7.
d5 a5 8. Be3 Na6 9. g4 Nc5 10.
Qc2 h5 11. g5 Nfd7 12. Nh4 c6 13. O-O-O a4 14. Kb1 Qc7 15. Be2 Nb6 16. Rd2 cxd5 17. cxd5 Bd7 18. Nb5 Bxb5 19. Bxb5 Rfc8 20. f3 Qd8 21.
Ng2 Nb3 22. Qd3 Nxd2+ 23. Bxd2 Nd7 24. Qa3 Nc5 25. Qb4 a3 26. b3 Qb6 27. Ne3 Na6 28. Nc4 Qd4 29. Qc3 Qxc3 30. Bxc3 Nc7 31. Nxd6 Nxb5 32.
Nxb5 Rc5 33. d6 Rxb5 34. Rd1 Bf8 35. d7 Rd8 36. Kc2 Be7 37. h4 Rc5 0-1

[Event "*** Titled Tuesday Blitz"]
[Site "Chess.com"]
[Date "2019.02.05"]
[Round "9"]
[White "Alopekos"]
[Black "GMMatamoros"]
[Result "1-0"]
[WhiteElo "2509"]
[BlackElo "2493"]
[TimeControl "180+2"]
[EndTime "15:12:45 PST"]
[Termination "Alopekos won by checkmate"]

1. e4 c5 2. Nf3 Nc6 3. Nc3 g6 4. d4 cxd4 5. Nxd4 Bg7 6. Nxc6 bxc6 7. Bc4 Qa5 8. Bd2 Qb6 9. Qf3 e6 10. O-O-O Nf6 11. e5 Nd5 12. Ne4 Bxe5 13. Bb3 O-O 14. Bh6 a5 15. Bxf8 Kxf8 16. a4 Kg7 17. h4 h5 18. Ng5 f6 19. g4 hxg4 20. Qxg4 Qb4 21. Qe2 Ba6 22. Qe4 Bf4+ 23. Kb1 fxg5 24. Qxb4 axb4 25.
hxg5 Bxg5 26. Rdg1 Kf6 27. Rh7 Ne7 28. Rg4 Bd2 29.
Rd4 Be1 30. Rxd7 Nf5 31. f4 Bg3 32. Rdf7# 1-0

[Event "*** Titled Tuesday Blitz"]
[Site "Chess.com"]
[Date "2019.02.05"]
[Round "9"]
[White "kacprekt"]
[Black "Bayernbk"]
[Result "0-1"]
[WhiteElo "2292"]
[BlackElo "2455"]
[TimeControl "180+2"]
[EndTime "15:12:47 PST"]
[Termination "Bayernbk won by resignation"]

1. d4 Nf6 2. c4 e6 3. Nc3 d5 4. cxd5 exd5 5. Bg5 c6 6. e3 Be7 7. Bd3 h6 8. Bh4 Ne4 9. Bxe7 Qxe7 10. Bxe4 dxe4 11. Nge2 O-O 12. Ng3 f5 13. h4 Nd7 14.
Nh5 Nf6 15. Nf4 Qf7 16. h5 Be6 17. Rh3 Rfd8 18. Rg3 c5 19. Nb5 Bc4 20. Nc3 cxd4 21. exd4 Qd7 22. d5 Bxd5 23. Ncxd5 Nxd5 24. Qb3 Qf7 25. Ng6 f4 26. Ne5 Qxh5 27. Rxg7+ Kxg7 28.
Qxb7+ Kg8 29. Nd7 Qf7 30. O-O-O Qxd7 31. Qb3 Rac8+ 32. Kb1 Kg7 33. Ka1 Qc6 34. a3 Qc2 35.
Qb7+ Rc7 0-1

[Event "*** Titled Tuesday Blitz"]
[Site "Chess.com"]
[Date "2019.02.05"]
[Round "9"]
[White "vgyogi"]
[Black "politeplayer"]
[Result "0-1"]
[WhiteElo "2058"]
[BlackElo "2014"]
[TimeControl "180+2"]
[EndTime "15:12:47 PST"]
[Termination "politeplayer won by checkmate"]

1. d4 Nf6 2. Bg5 Ne4 3. Bf4 c5 4.
f3 Nf6 5. dxc5 Qa5+ 6. Nc3 e6 7. e4 Bxc5 8. Bd3 Qb6 9. Nge2 Bf2+ 10. Kf1 a6 11. a4 Be3 12. a5 Qa7 13. Be5 Nc6 14.
Bxf6 gxf6 15. Ng3 h5 16. Qe1 h4 17. Nge2 h3 18. g3 b5 19. Nd1 Ne5 20. Nec3 Bd4 21. Qe2 Bb7 22. f4 Nxd3 23. cxd3 Rc8 24. Qd2 f5 25. Rc1 b4 26. Ne2 Rxc1 27. Qxc1 fxe4 28. Qc4 exd3 29. Nxd4 Bxh1 30. Qc8+ Ke7 31. Qxh8 Qb7 32. Qh4+ Kd6 33. Qxh3 Qe4 34. Qh8 Qg2+ 35.
Ke1 d2# 0-1

[Event "*** Titled Tuesday Blitz"]
[Site "Chess.com"]
[Date "2019.02.05"]
[Round "9"]
[White "JoachimMouhamad"]
[Black "GCamachoMartinez"]
[Result "1/2-1/2"]
[WhiteElo "2277"]
[BlackElo "2357"]
[TimeControl "180+2"]
[EndTime "15:12:48 PST"]
[Termination "Game drawn by agreement"]

1. e4 e5 2. Nf3 Nf6 3. Nxe5 d6 4. Nf3 Nxe4 5. Nc3 Nxc3 6. dxc3 Be7 7. Be3 Nc6 8. Qd2 Ne5 9. O-O-O Nxf3 10. gxf3 Be6 11.
Rg1 g6 12. Bd4 Rg8 13. Bb5+ c6 14. Ba4 Qa5 15. Bb3 Bxb3 16. cxb3 O-O-O 17. Kb1 Qf5+ 18.
Qd3 Qxd3+ 19. Rxd3 b6 20. c4 Rge8 21. Bc3 Bf8 22.
Rgd1 Re6 23. Kc2 Re2+ 24. R3d2 Rxd2+ 25. Kxd2 d5 26. Kc2 dxc4 27. Rxd8+ Kxd8 28. bxc4 Bc5 29. Be1 Bd4 30. b3 c5 31. Kd3 f5 32. Ke2 Kd7 33.
Bd2 Kc6 34. Bf4 a6 35. Be3 Be5 36. h3 b5 37. Kd3 a5 38. cxb5+ Kxb5 39. Bd2 Bd4 40. a4+ Kc6 41. Kc4 Bxf2 42. Bxa5 Be3 43. Bd8 g5 44. a5 h5 45. a6 g4 46. fxg4 fxg4 47. hxg4 hxg4 48. Kd3 Bf2 49. Ke2 Bd4 50.
Kf1 Be5 51. a7 Kb7 52. Bb6 Bd4 53. b4 cxb4 54. Bxd4 b3 55. Kg2 1/2-1/2

[Event "*** Titled Tuesday Blitz"]
[Site "Chess.com"]
[Date "2019.02.05"]
[Round "9"]
[White "EugeneRougon"]
[Black "VerdeNotte"]
[Result "0-1"]
[WhiteElo "2587"]
[BlackElo "2824"]
[TimeControl "180+2"]
[EndTime "15:12:50 PST"]
[Termination "VerdeNotte won by checkmate"]

1. e4 c6 2. d4 d5 3. Nc3 dxe4 4. Nxe4 Nf6 5. Nxf6+ exf6 6. c3 Bd6 7. Bd3 O-O 8. Qc2 Re8+ 9. Ne2 h5 10. Bd2 Nd7 11.
O-O-O Nf8 12. f3 a5 13. Rdg1 Be6 14. g4 hxg4 15. fxg4 Bd5 16. h4 Bxh1 17. Rxh1 Qe7 18. g5 f5 19. h5 Qe6 20. Kb1 Qd5 21. Rf1 Qg2 22. Qd1 g6 23. hxg6 fxg6 24. Nf4 Bxf4 25. Bxf4 Ne6 26. Be5 b5 27. Rh1 Ng7 28. Rh6 Rad8 29. Rxg6 Rxe5 30. dxe5 Qd5 31. Kc2 Kf7 32. Rf6+ Ke7 33. Qe2 Qxa2 34. e6 Nxe6 35. Bxf5 Rd6 36. Qe5 Qa4+ 37. b3 Qa2+ 38. Kc1 Qd2+ 39. Kb1 Qd1+ 40.
Kb2 Rd2+ 41. Ka3 Qa1# 0-1

[Event "*** Titled Tuesday Blitz"]
[Site "Chess.com"]
[Date "2019.02.05"]
[Round "9"]
[White "HouseOfDurin"]
[Black "SergioGarciaFuentes"]
[Result "0-1"]
[WhiteElo "1931"]
[BlackElo "1998"]
[TimeControl "180+2"]
[EndTime "15:12:53 PST"]
[Termination "SergioGarciaFuentes won by resignation"]

1. d4 Nf6 2. Bg5 d5 3. Bxf6 exf6 4. e3 Bf5 5. c4 Bb4+ 6. Nc3 O-O 7. Qd2 c5 8. dxc5 dxc4 9. Qxd8 Rxd8 10. Bxc4 Nd7 11. Ne2 Nxc5 12. O-O Rac8 13. Rfd1 Rxd1+ 14. Rxd1 Kf8 15. a3 Bxc3 16. Nxc3 Ne4 17. Bd3 Nxc3 18. bxc3 Rd8 19. Be2 Rxd1+ 20. Bxd1 Bd3 21. Bb3 f5 22. f3 f6 23. Kf2 Ke7 24. h4 Kd6 25. Bg8 h6 26. Bh7 Kc5 27. g4 Kc4 28. Bxf5 Bxf5 29. gxf5 Kxc3 30.
f4 b5 31. e4 Kd4 32. Kf3 a5 33. e5 fxe5 34. fxe5 Kxe5 35. f6 Kxf6 0-1

[Event "*** Titled Tuesday Blitz"]
[Site "Chess.com"]
[Date "2019.02.05"]
[Round "9"]
[White "mouseWLZ"]
[Black "Zaven_ChessMood"]
[Result "0-1"]
[WhiteElo "2492"]
[BlackElo "2875"]
[TimeControl "180+2"]
[EndTime "15:12:56 PST"]
[Termination "Zaven_ChessMood won by checkmate"]

1. e4 c5 2. Nf3 d6 3. d4 cxd4 4.
Nxd4 Nf6 5. f3 e5 6. Nb3 Be7 7. c4 a5 8. Be3 a4 9. N3d2 Qa5 10.
Nc3 O-O 11. Be2 Nc6 12. O-O Bd8 13. Nd5 Be6 14. Kh1 Nd7 15. b4 Nxb4 16. Nxb4 Qxb4 17.
Rb1 Qa3 18. Bg1 Nc5 19. Qc2 Ba5 20. f4 Qc3 21. Qxc3 Bxc3 22. Nf3 Nxe4 23. fxe5 dxe5 24. Rxb7 Rfd8 25. c5 Bxa2 26. c6 Bd5 27. Rc1 a3 28. Rd7 Bxc6 29. Rxd8+ Rxd8 30. Bc4 Bd5 31. Rd1 Nf6 32.
Ba2 h6 33. Nh4 Bd4 34. Bb1 a2 35. Bxa2 Bxa2 36. Nf5 Be6 37. Nxd4 exd4 38. Rxd4 Rxd4 39. Bxd4 Ne4 40. Kg1 Bd5 41. g3 f6 42. Kf1 Kf7 43. Kg1 g5 44. Kf1 Kg6 45. Kg1 Kf5 46. Kf1 Kg4 47.
Kg1 Kh3 48. Bb2 f5 49. Bg7 h5 50. Be5 Nd2 51. Bf6 Nf3+ 52. Kh1 Nxh2+ 53. Kg1 Kxg3 54. Be5+ f4 55. Bxf4+ Kxf4 56. Kxh2 Be6 57. Kg2 g4 58. Kh2 g3+ 59. Kg2 h4 60. Kg1 h3 61. Kh1 Bd5+ 62. Kg1 h2+ 63. Kf1 h1=Q+ 64. Ke2 Qf3+ 65. Ke1 Qf2+ 66.
Kd1 Ke3 67. Kc1 Kd3 68. Kb1 Kc3 69. Kc1 Qc2# 0-1

[Event "*** Titled Tuesday Blitz"]
[Site "Chess.com"]
[Date "2019.02.05"]
[Round "9"]
[White "TheBigBoss04"]
[Black "StephenDedalus83"]
[Result "1-0"]
[WhiteElo "2575"]
[BlackElo "2697"]
[TimeControl "180+2"]
[EndTime "15:13:00 PST"]
[Termination "TheBigBoss04 won by checkmate"]

1. b3 c5 2. Bb2 Nc6 3. g3 d5 4. Bg2 e5 5. d3 Nf6 6. Nf3 Bd6 7. O-O O-O 8. e4 d4 9. Nbd2 Bg4 10. h3 Bh5 11. Qe1 Nd7 12. Nc4 Be7 13. a4 b6 14.
Nh2 a6 15. Bf3 Bxf3 16. Nxf3 b5 17. Na3 Qb6 18. Bc1 Rfc8 19. Bd2 c4 20. a5 Qb7 21. bxc4 Bxa3 22. cxb5 axb5 23. Rxa3 b4 24. Rb3 Rxa5 25. Bxb4 Rb5 26. Bd6 Rxb3 27. cxb3 Qxb3 28. Qd1 Qe6 29. Ba3 Ra8 30. Qc1 Na5 31. Kg2 Qb3 32. Qc7 Qxa3 33. Qxd7 Qxd3 34. Ng5 Qc4 35. Rc1 Qxc1 36.
Qxf7+ Kh8 37. Qf5 g6 38. Qf6+ Kg8 39. Qf7+ Kh8 40. Qxh7# 1-0

[Event "*** Titled Tuesday Blitz"]
[Site "Chess.com"]
[Date "2019.02.05"]
[Round "9"]
[White "salomez"]
[Black "HrvojeZagreb"]
[Result "0-1"]
[WhiteElo "2113"]
[BlackElo "2112"]
[TimeControl "180+2"]
[EndTime "15:13:05 PST"]
[Termination "HrvojeZagreb won on time"]

1. e4 e6 2. d4 d5 3. Nc3 dxe4 4. Nxe4 Nd7 5. Nf3 Ngf6 6. Bd3 c5 7. O-O cxd4 8. Nxd4 Be7 9. b3 O-O 10. Bb2 Ne5 11.
Nxe6 Nxd3 12. Nxd8 Nxb2 13. Qd4 Rxd8 14. Qxb2 Nxe4 15.
Qe5 Bf6 16. Qxe4 Bxa1 17. Rxa1 Rb8 18. h4 Be6 19. h5 h6 20. c4 b6 21. Rc1 Rd2 22. a3 Rbd8 23. b4 R2d4 24. Qe2 Rd2 25.
Qe5 Rc8 26. c5 bxc5 27. Rxc5 Rcd8 28. Rc7 a6 29. Ra7 Rd1+ 30. Kh2 R1d5 31. Qe2 Rd4 32. Rxa6 Bc4 33. Qe3 Bxa6 34. a4 Rxb4 35. Qa7 Bf1 36. a5 Bd3 0-1

[Event "*** Titled Tuesday Blitz"]
[Site "Chess.com"]
[Date "2019.02.05"]
[Round "9"]
[White "ChessWarrior7197"]
[Black "HomayoonTofighi"]
[Result "0-1"]
[WhiteElo "2871"]
[BlackElo "2773"]
[TimeControl "180+2"]
[EndTime "15:13:07 PST"]
[Termination "HomayoonTofighi won by resignation"]

1. e4 d5 2. exd5 Qxd5 3. Nc3 Qa5 4. Nf3 Nf6 5. Bc4 Bg4 6. d3 Nbd7 7. h3 Qh5 8. Bf4 Bxf3 9. Qxf3 Qxf3 10. gxf3 c6 11.
O-O-O e6 12. Ne4 Nd5 13. Bd6 Be7 14. Rde1 a6 15. a3 b5 16. Bb3 Bxd6 17. Nxd6+ Ke7 18. Nf5+ Kf6 19. Ne3 h5 20. h4 Nf4 21. Rhg1 Ne5 22.
Rg3 Neg6 23. Rh1 Ne2+ 24. Kd2 Nxg3 25. fxg3 c5 26. Ke2 Rhd8 27. f4 Rac8 28. a4 Ne7 29. Ra1 Ra8 30. Nd1 Nf5 31. Kf2 c4 32. dxc4 bxc4 33. Bxc4 Rd2+ 34. Kf3 Rxc2 35. b3 a5 36. Nf2 Rc3+ 37. Bd3 Rxb3 38. Kg2 Rd8 39. Bxf5 Kxf5 40.
Rc1 Rd2 41. Rc5+ Kg6 42. Rg5+ Kh6 43. g4 hxg4 44. f5 Rbb2 45. Kg3 Rxf2 46. fxe6 fxe6 47. Rh5+ Kg6 48. Rg5+ Kf6 49. Rg6+ Kxg6 50. h5+ Kf5 0-1

[Event "*** Titled Tuesday Blitz"]
[Site "Chess.com"]
[Date "2019.02.05"]
[Round "9"]
[White "Kawhi_Leonard2"]
[Black "volcanoexplorer"]
[Result "0-1"]
[WhiteElo "2220"]
[BlackElo "2365"]
[TimeControl "180+2"]
[EndTime "15:13:11 PST"]
[Termination "volcanoexplorer won on time"]

1. e4 e5 2. Nf3 Nc6 3. Bb5 a6 4. Bxc6 dxc6 5. O-O Bg4 6. h3 Bh5 7. g4 Bg6 8. Nxe5 Qh4 9. Qf3 f6 10. Nxg6 hxg6 11. Kg2 g5 12. d3 Ne7 13. Nd2 Ng6 14.
Nc4 Qh7 15. Qg3 b5 16. Rh1 bxc4 17. Qxc7 Ne5 18. f4 gxf4 19. Bxf4 cxd3 20. cxd3 Rd8 21. Bxe5 fxe5 22. Qxc6+ Rd7 23. Qc8+ Rd8 24. Qc6+ Rd7 25. Qc8+ Ke7 26. Qc5+ Kd8 27. Qa5+ Ke8 28. Qxe5+ Be7 29.
Rac1 Qg6 30. Rc8+ Rd8 31. Rc7 Qd6 32. Qxg7 Rf8 0-1

[Event "*** Titled Tuesday Blitz"]
[Site "Chess.com"]
[Date "2019.02.05"]
[Round "9"]
[White "Keaton87"]
[Black "DenisQ"]
[Result "1-0"]
[WhiteElo "2553"]
[BlackElo "2646"]
[TimeControl "180+2"]
[EndTime "15:13:12 PST"]
[Termination "Keaton87 won by resignation"]

1. d4 d5 2. Nc3 Nf6 3. Bf4 Bf5 4. f3 e6 5. g4 Bg6 6. h4 Bd6 7. Bxd6 Qxd6 8. h5 Qg3+ 9. Kd2 Bxh5 10. gxh5 Nxh5 11.
Rxh5 Qxg1 12. e3 Nd7 13. Bb5 Qxd1+ 14. Rxd1 c6 15. Bd3 Nf6 16. Rg5 g6 17. e4 Ke7 18. e5 Nh5 19. Ke3 Raf8 20. Ne2 f6 21.
Rgg1 fxe5 22. dxe5 c5 23. c3 Rf7 24. f4 Rhf8 25. Rg4 a5 26. a4 b6 27. Rh1 Rd8 28.
Ng3 d4+ 29. cxd4 Nxg3 30. Rxg3 Rxd4 31. b3 Kf8 32. Rf3 Ke7 33. Rh2 Kf8 34. Bc4 Ke7 35. Rd2 Rxd2 36. Kxd2 g5 37. Ke3 g4 38. Rf1 h5 39.
Rh1 Rh7 40. Be2 g3 41. Rxh5 Rg7 42. Rg5 1-0

[Event "*** Titled Tuesday Blitz"]
[Site "Chess.com"]
[Date "2019.02.05"]
[Round "9"]
[White "Abund"]
[Black "Sashadav97"]
[Result "1-0"]
[WhiteElo "2569"]
[BlackElo "2618"]
[TimeControl "180+2"]
[EndTime "15:13:12 PST"]
[Termination "Abund won by resignation"]

1. Nf3 d5 2. d4 Nf6 3. c4 e6 4. Nc3 Be7 5. Bg5 Nbd7 6. e3 h6 7.
Bh4 O-O 8. Rc1 c6 9. Bd3 dxc4 10. Bxc4 b5 11. Bd3 Bb7 12. O-O a6 13. a4 Rc8 14.
Bb1 b4 15. Bxf6 Nxf6 16. Ne4 Nxe4 17. Bxe4 Qb6 18. Ne5 a5 19. Nd7 Qc7 20. Nxf8 Rxf8 21. b3 Bd6 22. g3 Qd7 23. Rc2 f5 24. Bg2 Qe8 25. Qc1 h5 26. Bxc6 Bxc6 27. Rxc6 Qe7 28. Qc4 h4 29. d5 hxg3 30. hxg3 e5 31. Rc8 f4 32. Rxf8+ Qxf8 33. exf4 exf4 34. Qe4 Qd8 35. Re1 fxg3 36. Qe8+ Qxe8 37. Rxe8+ Kf7 38. Rc8 Kf6 39. fxg3 Ke5 40. Ra8 Bc7 41. Kf2 Kxd5 42. Ke3 g5 43.
g4 Bf4+ 44. Kd3 Bc7 45. Ra7 Bb6 46. Rg7 Ke5 47. Rxg5+ Kf4 48. Rb5 Bd8 49. g5 Bxg5 50.
Rxa5 Be7 51. Rb5 1-0

[Event "*** Titled Tuesday Blitz"]
[Site "Chess.com"]
[Date "2019.02.05"]
[Round "9"]
[White "PowerThinking2650"]
[Black "Naruto-K"]
[Result "0-1"]
[WhiteElo "2251"]
[BlackElo "2367"]
[TimeControl "180+2"]
[EndTime "15:13:12 PST"]
[Termination "Naruto-K won by resignation"]

1. e4 e6 2. d4 d5 3. Nd2 Be7 4. Ngf3 Nf6 5. e5 Nfd7 6. Bd3 c5 7. c3 Nc6 8. O-O g5 9. dxc5 g4 10. Nd4 Ndxe5 11. Bb5 Bd7 12. b4 h5 13. Re1 Ng6 14. Nxc6 bxc6 15. Bd3 Nf4 16. Bf1 Qc7 17. Nb3 Ng6 18. c4 O-O 19. cxd5 exd5 20. Bb2 Qf4 21. Bd3 Rae8 22. g3 Qxb4 23. Qc2 f5 24. Nd4 Bf6 25. Rxe8 Rxe8 26. a3 Qb8 27. Bc3 Qe5 28. Nb5 Qe7 29. Nd6 Rb8 30. Re1 Qg7 31. Bxf6 Qxf6 32.
Bxf5 Rb2 33. Qd3 Ne5 34. Qd4 Nf3+ 35. Kg2 Nxd4 0-1

[Event "*** Titled Tuesday Blitz"]
[Site "Chess.com"]
[Date "2019.02.05"]
[Round "9"]
[White "Andrew-FB00"]
[Black "Blitzstream"]
[Result "0-1"]
[WhiteElo "1889"]
[BlackElo "2546"]
[TimeControl "180+2"]
[EndTime "15:13:15 PST"]
[Termination "Blitzstream won by resignation"]

1. e4 d5 2. exd5 Qxd5 3. Nc3 Qa5 4. d4 Nf6 5. Bd2 c6 6. Nf3 Bf5 7. Be2 e6 8. O-O Qc7 9. Nh4 Bg6 10. Nxg6 hxg6 11. g3 Nbd7 12. Bf4 Bd6 13. Bxd6 Qxd6 14. Bf3 O-O-O 15. Ne4 Nxe4 16. Bxe4 Nf6 17. Bg2 Qxd4 18. Qc1 Qd2 19. b3 Qxc1 20. Raxc1 Rd2 21. Rfd1 Rhd8 22. Bf3 Kc7 23. Kf1 Rxd1+ 24. Rxd1 Rxd1+ 25. Bxd1 Kb6 26. Ke2 g5 27. f3 Kc5 28. Kd3 a5 29. a3 Nd7 30. Be2 Ne5+ 31. Ke4 f6 32. h4 gxh4 33. gxh4 Nf7 34. f4 Nd6+ 35. Kd3 Nb5 36. a4 Nc7 37. Bg4 Nd5 38. c4 Nxf4+ 39. Ke4 e5 40. Bc8 b6 41. Bd7 Ng6 42. h5 Nf4 43. Kf5 Nxh5 44.
Kg6 Nf4+ 45. Kxg7 e4 46. Kxf6 e3 47. Bg4 e2 48. Bxe2 Nxe2 49. Ke5 Nd4 50. Ke4 Nxb3 51.
Kd3 Kb4 0-1

[Event "*** Titled Tuesday Blitz"]
[Site "Chess.com"]
[Date "2019.02.05"]
[Round "9"]
[White "Caterpiller35"]
[Black "playerorkinyo"]
[Result "1-0"]
[WhiteElo "2244"]
[BlackElo "2325"]
[TimeControl "180+2"]
[EndTime "15:13:15 PST"]
[Termination "Caterpiller35 won by resignation"]

1. d4 Nf6 2. Bg5 d5 3. e3 Ne4 4. Bf4 g5 5. Be5 f6 6. Qh5+ Kd7 7. Bg3 Nxg3 8. hxg3 Qe8 9. Qf3 c6 10. Bd3 Bg7 11.
Nc3 e6 12. O-O-O h5 13. e4 g4 14. Qe2 Na6 15. Bxa6 bxa6 16. Na4 Bf8 17. Kb1 Rb8 18. f3 Rb4 19. b3 f5 20. c3 Rb8 21. c4 fxe4 22. fxe4 Qg6 23. Nc3 Bb4 24. Qd3 Bxc3 25.
Qxc3 Qxe4+ 26. Ka1 Qxg2 27. cxd5 exd5 28. Ne2 Qxe2 29. Rhe1 Qf3 30. Qc5 Rh7 31. Qxa7+ Rb7 32. Qc5 Rb5 33. Qa7+ Bb7 34. Qb8 Re7 35. Rxe7+ Kxe7 36. Re1+ Kf7 37. Qc7+ Kg6 38. Re6+ Kg5 39. Qe7+ 1-0

[Event "*** Titled Tuesday Blitz"]
[Site "Chess.com"]
[Date "2019.02.05"]
[Round "9"]
[White "Witaliss"]
[Black "goodluck06"]
[Result "0-1"]
[WhiteElo "2379"]
[BlackElo "2471"]
[TimeControl "180+2"]
[EndTime "15:13:18 PST"]
[Termination "goodluck06 won by resignation"]

1. d4 Nf6 2. Nf3 g6 3. Bf4 Bg7 4. e3 d6 5. h3 b6 6. c3 O-O 7. Nbd2 Bb7 8. a4 a6 9. Bc4 c5 10. O-O cxd4 11. cxd4 Nd5 12. Bh2 Nd7 13. Qb3 N7f6 14.
Rfc1 a5 15. Bb5 Nb4 16. Ne1 Rc8 17. Nd3 Nfd5 18. Nxb4 Nxb4 19. Qd1 e5 20. dxe5 dxe5 21. Nc4 Nd3 22. Rc2 Qg5 23. Qg4 Qxg4 24. hxg4 e4 25. Rd2 Rxc4 26. Bxc4 Nxb2 27. Bb5 Nc4 28. Rdd1 Bxa1 29.
Rxa1 Bd5 30. Rd1 Be6 31. Rd4 Rc8 32. Rxe4 Nd2 33. f3 Nxe4 34. fxe4 Rc2 35. Be5 Bb3 36. Bd4 Ra2 37. Bxb6 Bxa4 38. Bc4 Ra1+ 39. Kf2 Bd7 40. g5 a4 41. Bd4 Rc1 42. Bd5 Be6 43. Ke2 a3 44. Kd2 Rg1 45. Kc2 a2 0-1

[Event "*** Titled Tuesday Blitz"]
[Site "Chess.com"]
[Date "2019.02.05"]
[Round "9"]
[White "aa175"]
[Black "IngOscarArdila"]
[Result "0-1"]
[WhiteElo "1901"]
[BlackElo "2065"]
[TimeControl "180+2"]
[EndTime "15:13:20 PST"]
[Termination "IngOscarArdila won on time"]

1. e4 e5 2. Nf3 Nf6 3. Nc3 Bb4 4.
Nxe5 O-O 5. Nf3 Re8 6. Be2 c6 7. d3 d5 8. exd5 cxd5 9. O-O Nc6 10. Bg5 Be6 11. d4 h6 12. Bh4 Be7 13. Ne5 Nxe5 14.
dxe5 Nd7 15. Bxe7 Qxe7 16. Nxd5 Qc5 17. Nf4 Bf5 18. Bd3 Bxd3 19. Nxd3 Qb6 20. Qe2 Rac8 21. Rfe1 Nf8 22. Kh1 Ne6 23. f4 Nd4 24. Qe4 Nxc2 25. Reb1 Nxa1 26. Rxa1 Rc2 27. h3 Rd8 28. Rd1 Qb5 29. a4 Qc6 30. Qxc6 Rxc6 31. Nf2 Rxd1+ 32. Nxd1 Rc4 33. Kh2 Rxf4 34. Nc3 Rb4 35. Nb5 a6 36. Nd6 Rxb2 37. a5 Kf8 38. Kg3 Ke7 39. Kf4 Rxg2 40.
Nxb7 Ra2 41. Kf5 Ra3 42. h4 g6+ 43. Ke4 Ra4+ 44. Kd5 Rxh4 45. Nd6 Ra4 46. Nc8+ Kd8 47. Nd6 Rxa5+ 48. Kc6 Ke7 49. Nc4 Ra1 50. Ne3 a5 51.
Nd5+ Ke6 52. Nf4+ Kxe5 53. Nd3+ Kf5 54. Nf2 a4 55. Kb5 a3 56. Kb4 a2 57. Ka3 Rf1 58. Nd3 a1=Q+ 59. Kb4 Qd4+ 60. Ka5 Qxd3 61. Kb6 Rc1 62.
Ka7 Qb3 0-1

[Event "*** Titled Tuesday Blitz"]
[Site "Chess.com"]
[Date "2019.02.05"]
[Round "9"]
[White "champ2005"]
[Black "GMsKoRPioN"]
[Result "1-0"]
[WhiteElo "2605"]
[BlackElo "2551"]
[TimeControl "180+2"]
[EndTime "15:13:21 PST"]
[Termination "champ2005 won by checkmate"]

1. b3 d6 2. Bb2 Nd7 3. g3 Ngf6 4. Bg2 g6 5. Nf3 Bg7 6. O-O O-O 7. d4 e5 8. dxe5 Ng4 9. c4 Ngxe5 10. Nxe5 Nxe5 11.
Nc3 Rb8 12. Qd2 b6 13. Nd5 Be6 14. Nb4 a5 15. Nd5 a4 16. Rad1 Bxd5 17. Bxd5 axb3 18. axb3 b5 19. cxb5 Rxb5 20. Qc2 c6 21. Bxe5 Bxe5 22.
Qxc6 Rc5 23. Qa4 Qf6 24. b4 Rc3 25. b5 Rb8 26. f4 Rc7 27. fxe5 Qxe5 28. Qf4 Qxf4 29.
Rxf4 Rxb5 30. e4 Rb2 31. Rdf1 Rcc2 32. R4f2 Kg7 33. Rxf7+ Kh6 34. R7f2 Kg5 35. Kg2 h5 36. h4+ Kh6 37. Rxc2 Rxc2+ 38. Rf2 Rc1 39. Rf6 Rc2+ 40. Kh3 Kg7 41. Rxd6 Re2 42. Re6 Re3 43. e5 Rd3 44.
Rxg6+ Kh7 45. Rd6 Kg7 46. Rd7+ Kg6 47. Be4+ Kh6 48. Rh7# 1-0

[Event "*** Titled Tuesday Blitz"]
[Site "Chess.com"]
[Date "2019.02.05"]
[Round "9"]
[White "Polish_fighter3000"]
[Black "Grischuk"]
[Result "0-1"]
[WhiteElo "3008"]
[BlackElo "3066"]
[TimeControl "180+2"]
[EndTime "15:13:22 PST"]
[Termination "Grischuk won by resignation"]

1. d4 Nf6 2. c4 g6 3. Nc3 d5 4. cxd5 Nxd5 5. e4 Nxc3 6. bxc3 Bg7 7. Bc4 c5 8. Ne2 Nc6 9. Be3 O-O 10. O-O b6 11. Qd2 Bb7 12. Rac1 Rc8 13. d5 Ne5 14. Bb3 c4 15. Bc2 e6 16. Rcd1 exd5 17. exd5 Qd6 18. Bh6 Ng4 19. Bf4 Be5 20. Rfe1 Rfe8 21. Bg3 Bxg3 22.
Nxg3 Rxe1+ 23. Qxe1 Nf6 24. Ne4 Nxe4 25. Qxe4 Rc5 26.
Qe8+ Kg7 27. Be4 Bxd5 28. Qa4 Qe5 29. Bxd5 Rxd5 30. Rf1 Qxc3 31. Qxa7 Qd4 32. g3 Ra5 33. Qb7 Rxa2 34. Qf3 Ra1 0-1

[Event "*** Titled Tuesday Blitz"]
[Site "Chess.com"]
[Date "2019.02.05"]
[Round "9"]
[White "rasmussvane"]
[Black "vovachesss"]
[Result "1-0"]
[WhiteElo "2757"]
[BlackElo "2587"]
[TimeControl "180+2"]
[EndTime "15:13:26 PST"]
[Termination "rasmussvane won by resignation"]

1. Nf3 d5 2. d4 Nc6 3. e3 Bg4 4.
Nbd2 e5 5. h3 Bxf3 6. Nxf3 Bd6 7.
c3 Nge7 8. Be2 O-O 9. dxe5 Nxe5 10. b3 c6 11. Bb2 N7g6 12. O-O Nxf3+ 13. Bxf3 Qf6 14.
Qc2 Nh4 15. Bg4 h5 16. Bxh5 Qe5 17. g3 Qxh5 18. gxh4 Qe5 19. f3 Qxe3+ 20. Qf2 Qf4 21. c4 dxc4 22. Rad1 Bc7 23. bxc4 Qxc4 24. Qg2 f6 25.
Kh1 Rf7 26. Rg1 Qxh4 27. Rd4 Qh7 28. Rg4 Kh8 29. Bd4 Be5 30. Bf2 Rg8 31. Rh4 g5 32. Rxh7+ Rxh7 33. Be3 Rg6 34. f4 Rgh6 35. Kh2 Rxh3+ 36.
Qxh3 gxf4 37. Qxh7+ Kxh7 38. Bxa7 f3+ 39. Kh3 f5 40.
Rf1 Kg6 41. Rxf3 Kf6 42. a4 Ke6 43. Rb3 Kd5 44. Rxb7 Ke4 45. a5 f4 46. a6 f3 47.
Bf2 Kd3 48. a7 Ke2 49. Bc5 f2 50. Bxf2 1-0

[Event "*** Titled Tuesday Blitz"]
[Site "Chess.com"]
[Date "2019.02.05"]
[Round "9"]
[White "snowlord"]
[Black "GelmanAlexander"]
[Result "1-0"]
[WhiteElo "2698"]
[BlackElo "2509"]
[TimeControl "180+2"]
[EndTime "15:13:29 PST"]
[Termination "snowlord won by resignation"]

1. e4 c5 2. Nf3 e6 3. d4 cxd4 4. Nxd4 d6 5. g4 Nc6 6. Nc3 Be7 7. h4 Nf6 8. g5 Nd7 9. Ndb5 Nc5 10. Bf4 e5 11. Be3 a6 12. Na3 b5 13. Nd5 O-O 14.
c4 b4 15. Nc2 a5 16. Bg2 Be6 17. Qd2 Re8 18. O-O Bf8 19. h5 Rb8 20. Rad1 b3 21. axb3 Rxb3 22. h6 Rxb2 23. Bxc5 dxc5 24. Qc3 Rxc2 25.
Qxc2 Qxg5 26. Nc7 Bh3 27. f4 exf4 28. Nxe8 Nd4 29. Rxd4 cxd4 30. Rf3 d3 31. Rxd3 Bc5+ 32. Kf1 Be6 33. Nxg7 Bg4 34. Nf5 Bxf5 35. exf5 Qxh6 36.
Rd8+ Kg7 37. Qc3+ f6 38. Rd7+ Kh8 39. Qf3 1-0

[Event "*** Titled Tuesday Blitz"]
[Site "Chess.com"]
[Date "2019.02.05"]
[Round "9"]
[White "Vuks91"]
[Black "Zq1"]
[Result "1-0"]
[WhiteElo "2444"]
[BlackElo "2505"]
[TimeControl "180+2"]
[EndTime "15:13:31 PST"]
[Termination "Vuks91 won by resignation"]

1. e4 c5 2. Nf3 d6 3. d4 cxd4 4. Nxd4 Nf6 5. Nc3 Nc6 6. f3 Nxd4 7. Qxd4 g6 8. Be3 Bg7 9. Qd2 O-O 10. Bc4 Be6 11. Bb3 Rc8 12. O-O a6 13. Bxe6 fxe6 14.
Ne2 Qd7 15. c3 b5 16. Nd4 e5 17. Ne2 Qe6 18. a4 Qc4 19. axb5 axb5 20. Rfd1 Ra8 21. Qc2 h5 22. b3 Qc6 23. Qb2 Kh7 24. Rxa8 Rxa8 25. Ra1 Bh6 26. Bxh6 Kxh6 27. Rxa8 Qxa8 28. Qd2+ Kg7 29. Qd3 Qb7 30. Kf2 Nd7 31. b4 Qc6 32.
f4 Nf6 33. Kf3 exf4 34. Nxf4 Ng4 35. Ke2 Ne5 36. Qd4 Qa6 37. Nd3 Qa2+ 38. Kf1 Qb1+ 39.
Ne1 Kh7 40. Qa7 Nc6 41. Qe3 Qd1 42. Qf3 Ne5 43. Qxd1 1-0

[Event "*** Titled Tuesday Blitz"]
[Site "Chess.com"]
[Date "2019.02.05"]
[Round "9"]
[White "NemtsevIgor"]
[Black "Fivetrick"]
[Result "1-0"]
[WhiteElo "2322"]
[BlackElo "2520"]
[TimeControl "180+2"]
[EndTime "15:13:36 PST"]
[Termination "NemtsevIgor won on time"]

1. d4 Nf6 2. Bf4 g6 3. Nf3 Bg7 4. e3 O-O 5. h3 d6 6. Be2 Nc6 7. O-O Nd7 8. c3 e5 9. Bh2 f5 10. Na3 g5 11. dxe5 dxe5 12. Nc4 Kh8 13. Qd5 Qe7 14.
Rad1 Nb6 15. Nxb6 axb6 16. a3 Be6 17. Qd2 Bb3 18. Rde1 g4 19. hxg4 fxg4 20. e4 gxf3 21. Bxf3 Rad8 22. Qe3 Rf6 23. Bg3 Bh6 24. Qe2 Rd2 25.
Qb5 Qe6 26. Be2 Rxe2 27. Qxe2 Bc4 28. Qh5 Bxf1 29. Rxf1 Bf4 30. Rd1 Bxg3 31. fxg3 Rf8 32. g4 Qf6 33. g5 Qf2+ 34. Kh1 Qf4 35. Rd7 Qf1+ 36. Kh2 Qf4+ 37. Kh1 Qxe4 38. Qh6 Qe1+ 39. Kh2 1-0